[Event "SixDays Budapest GM-A May 2024"]
[Site "Budapest"]
[Date "2024.05.19"]
[Round "6.1"]
[White "Ramoutar, Alan-Safar"]
[Black "Tan, Jun Ying"]
[Result "0-1"]
[ECO "B10"]
[WhiteElo "2360"]
[BlackElo "2307"]
[Annotator "RC"]
[PlyCount "142"]
[EventDate "2024.05.15"]
[EventType "tourn"]
[EventCountry "HUN"]
[SourceTitle "playchess.com"]
[Source "ChessBase"]
[SourceQuality "1"]
[TimeControl "40/5400+30:1800+30"]

1. e4 c6 2. Nf3 d5 3. exd5 cxd5 4. Ne5 Nc6 5. d4 a6 6. Be2 e6 7. Nxc6 bxc6 8. Bf4 Bd6 9. Bxd6 Qxd6 10. O-O Ne7 11. Nd2 O-O 12. Nb3 f6 13. c4 e5 14. Rc1 Nf5 15. Bg4 dxc4 16. Rxc4 Be6 17. Qd3 Nxd4 18. Bxe6+ Qxe6 19. Nxd4 exd4 20. Qxd4 Rfd8 21. Qc3 Rab8 22. Re1 Qd5 23. b3 Qd2 24. Qxd2 Rxd2 25. Ra4 Rb6 26. g3 Kf7 27. Rc1 Ke6 28. Rc5 Rd5 29. Rc2 Kd6 30. Kg2 a5 31. Rac4 c5 32. Ra4 Rb5 33. Kf3 f5 34. h4 g6 35. Re2 Rd4 36. Ra3 a4 37. bxa4 Ra5 38. Rb3 Rdxa4 39. Rd3+ Kc6 40. Re6+ Kb5 41. Rb3+ Rb4 42. Re7 Rxa2 43. Rxb4+ cxb4 44. Rxh7 b3 45. Rb7+ Kc4 46. Rc7+ Kd3 47. Rb7 Kc3 48. Ke3 b2 49. Rc7+ Kb3 50. Rb7+ Kc2 51. Rc7+ Kd1 52. Rd7+ Kc1 53. Rc7+ Kb1 54. Kf4 Ka1 55. Rb7 Ra4+ 56. Ke5 b1=Q 57. Rxb1+ Kxb1 58. f3 Kc2 59. Kf6 Ra6+ 60. Kg5 Kd3 61. g4 Ke3 62. gxf5 gxf5 63. Kxf5 Kxf3 64. h5 Ra5+ 65. Kg6 Kg4 66. h6 Ra6+ 67. Kg7 Kg5 68. h7 Ra7+ 69. Kg8 Kg6 70. h8=N+ Kf6 71. Nf7 Rxf7 0-1

[Event "SixDays Budapest GM-A May 2024"]
[Site "Budapest"]
[Date "2024.05.19"]
[Round "6.2"]
[White "Berczes, David"]
[Black "Krastev, Alexander"]
[Result "1-0"]
[ECO "E06"]
[WhiteElo "2425"]
[BlackElo "2458"]
[Annotator "TA"]
[PlyCount "91"]
[EventDate "2024.05.15"]
[EventType "tourn"]
[EventCountry "HUN"]
[SourceTitle "playchess.com"]
[Source "ChessBase"]
[SourceQuality "1"]
[TimeControl "40/5400+30:1800+30"]

1. d4 d5 2. c4 e6 3. Nf3 Nf6 4. g3 Be7 5. Bg2 O-O 6. O-O c6 7. Nc3 a5 8. b3 b6 9. Nd2 Ba6 {[%emt 0:09:51] The position is equal.} 10. a4 Ra7 11. Bb2 Rd7 12. e3 e5 13. Ne2 (13. dxe5 dxc4 14. Ncb1 (14. exf6 Bxf6 15. bxc4 Rxd2 $17) 14... c3 15. Bxc3 Nd5 $15) 13... exd4 14. exd4 ({Reject} 14. Nxd4 dxc4 15. Qc1 (15. bxc4 Bb4 $19) (15. Nxc4 $2 {perishes.} c5 $19) 15... c3 16. Bxc3 Bxf1 17. Bxf1 Bb4 18. Bxb4 axb4 $17) 14... Bb4 15. Rc1 Re8 16. Nf4 Rde7 17. Nf3 Ne4 18. Nd3 Bd6 19. Nfe5 f6 20. Nf3 Nd7 21. Nh4 g6 {[%emt 0:00:22] Wards off Nf5} 22. Nf3 Nf8 23. Qc2 Qd7 24. Rfd1 Bb7 (24... Ne6 $11) 25. c5 $14 bxc5 26. dxc5 Bc7 27. b4 Ba6 {[#] This move loses the game for Black.} (27... axb4 $1 $11 {and Black has nothing to worry.} 28. Nxb4 Qc8) 28. b5 $1 $18 cxb5 (28... Bb7 29. Nd4) 29. c6 Qc8 30. axb5 Bxb5 31. Nc5 Bc4 32. Nxe4 Rxe4 33. Qc3 Be5 (33... R4e6 {was necessary.}) 34. Nxe5 R4xe5 35. Qxa5 R5e6 36. Bxd5 {[%emt 0:00:42] Black is weak on the dark squares} Bxd5 37. Qxd5 Qc7 38. Kg2 Kg7 39. Rd3 {[%emt 0:00:20][%cal Bd1d3,Bd3b3,Bb3b7][%mdl 32] [#] aiming for Rb3.} Re2 $2 (39... Rc8 40. Ba3 Qf7) 40. Rb3 {[%emt 0:00:27] Rb7 would now be deadly. White is clearly winning.} Qf7 41. Rb7 {[%emt 0:30:37][%cal Ob2f6] White threatens Bxf6+! and mate.} R2e7 42. Qxf7+ Kxf7 (42... Rxf7 $142 43. Ra1 Ree7) 43. Ba3 Rxb7 44. cxb7 {[%emt 0:00:02] Rc7+ would kill now.} Nd7 45. Rc7 Ke6 46. Rc8 {[%emt 0:00:05] Weighted Error Value: White=0.32/Black=0.33.  Loses game:     	---       	Black=1      Mistake:       	---       	Black=3      Inaccurate:     	White=3     	---        OK:         	White=9     	Black=18     Best:        	White=3     	---        Brilliant:      	White=1     	---} 1-0

[Event "SixDays Budapest GM-A May 2024"]
[Site "Budapest"]
[Date "2024.05.19"]
[Round "6.3"]
[White "Nagy, Gabor"]
[Black "Bai, Adelard"]
[Result "1/2-1/2"]
[ECO "E47"]
[WhiteElo "2433"]
[BlackElo "2376"]
[Annotator "TA"]
[PlyCount "21"]
[EventDate "2024.05.15"]
[EventType "tourn"]
[EventCountry "HUN"]
[SourceTitle "playchess.com"]
[Source "ChessBase"]
[SourceQuality "1"]
[TimeControl "40/5400+30:1800+30"]

1. d4 Nf6 2. c4 e6 3. Nc3 Bb4 4. e3 O-O 5. Bd3 c5 6. Nge2 cxd4 7. exd4 d5 8. cxd5 Nxd5 9. O-O {[%emt 0:00:23] The position is equal.} Nc6 10. Nxd5 exd5 11. Nf4 {[%emt 0:01:43] An uneventful encounter.   OK:         	White=1     	---} 1/2-1/2

[Event "SixDays Budapest GM-A May 2024"]
[Site "Budapest"]
[Date "2024.05.19"]
[Round "6.4"]
[White "Sahib Singh"]
[Black "Aczel, Gergely"]
[Result "0-1"]
[ECO "B10"]
[WhiteElo "2291"]
[BlackElo "2493"]
[Annotator "RC"]
[PlyCount "120"]
[EventDate "2024.05.15"]
[EventType "tourn"]
[EventCountry "HUN"]
[SourceTitle "playchess.com"]
[Source "ChessBase"]
[SourceQuality "1"]
[TimeControl "40/5400+30:1800+30"]

1. e4 c6 2. Nf3 d5 3. Nc3 dxe4 4. Nxe4 Nf6 5. Qe2 Bf5 6. Nxf6+ gxf6 7. d3 c5 8. g3 Nc6 9. Bg2 Qd7 10. Be3 Nd4 11. Bxd4 cxd4 12. O-O Rc8 13. Rac1 Rc7 14. Nh4 Bg4 15. f3 Be6 16. f4 h5 17. Qe4 f5 18. Qe5 Rg8 19. Qe2 Bg7 20. Bf3 Bf6 21. Ng2 h4 22. gxh4 Bxh4 23. Kh1 Bf6 24. Qd2 Qa4 25. c4 dxc3 26. bxc3 Qxa2 27. Qxa2 Bxa2 28. Ra1 Be6 29. Rxa7 Rxc3 30. Ra8+ Rc8 31. Bxb7 Rxa8 32. Bxa8 Kd7 33. Bf3 Rh8 34. h4 Bxh4 35. Nxh4 Rxh4+ 36. Kg2 Kd6 37. Kg3 Rh8 38. Ra1 Kc5 39. Ra7 Kd4 40. Kf2 Rh2+ 41. Kg3 Rh7 42. Rxe7 Ke3 43. Bd5 Rg7+ 44. Kh3 Rg6 45. Bxe6 fxe6 46. Kh4 Kxf4 47. Kh5 Rg3 48. d4 Re3 49. Kg6 Re4 50. Kf6 Rxd4 51. Rxe6 Ra4 52. Re1 Ra6+ 53. Kf7 Kg3 54. Rg1+ Kf2 55. Rg5 f4 56. Ke7 f3 57. Rb5 Kg2 58. Rg5+ Kf1 59. Kd7 f2 60. Ke7 Ra1 0-1

[Event "SixDays Budapest GM-A May 2024"]
[Site "Budapest"]
[Date "2024.05.19"]
[Round "6.5"]
[White "Sathvik Adiga"]
[Black "Wadsworth, Matthew J"]
[Result "0-1"]
[ECO "B15"]
[WhiteElo "2398"]
[BlackElo "2470"]
[Annotator "TA"]
[PlyCount "102"]
[EventDate "2024.05.15"]
[EventType "tourn"]
[EventCountry "HUN"]
[SourceTitle "playchess.com"]
[Source "ChessBase"]
[SourceQuality "1"]
[TimeControl "40/5400+30:1800+30"]

1. e4 c6 2. d4 d5 3. Nc3 dxe4 4. Nxe4 Nf6 5. Nxf6+ exf6 6. c3 Bd6 7. Bd3 O-O 8. Qc2 Re8+ 9. Ne2 h5 10. O-O h4 {[%emt 0:00:25] White has an edge.} 11. h3 Nd7 12. Bd2 Nf8 13. Rae1 g6 14. c4 Bb8 15. Qc1 ({White should play} 15. b3 $14) 15... Ne6 $11 16. Bc3 Qd6 17. f4 Ng7 18. Qd2 Bf5 {[%emt 0:03:10] Black is more active.} 19. Nc1 {[%emt 0:02:00] [#] Threatens to win with Rxe8+.} Bc7 $1 20. Bxf5 (20. Qf2 $15) 20... Nxf5 $17 21. d5 $2 {[%emt 0:02:03][%mdl 8192] This costs White the game.} (21. Nd3 $17) 21... Bb6+ $19 22. Kh2 Be3 23. Rxe3 Rxe3 (23... Nxe3 24. Rf3 $19) 24. Rf2 Rae8 25. Ne2 c5 26. Qd1 Ng3 27. Ng1 Ne4 28. Rf3 Nxc3 29. bxc3 R8e4 30. Rxe3 Qxf4+ 31. Kh1 Rxe3 {[%emt 0:02:05][%mdl 4096] Endgame. KQR-KQN} 32. d6 Re8 $1 (32... Rxc3 $2 33. d7 Kg7 34. d8=Q $18 (34. d8=B $2 Rc1 $19)) 33. d7 Rd8 34. Qe1 Kf8 ({And not} 34... Rxd7 35. Qe8+ Kg7 36. Qxd7 Qxc4 37. Qd2 $11 (37. Qxb7 Qxa2 38. Qc7 Qa3 $17)) (34... Qxc4 35. Qe7 $11) 35. Qd1 Qc7 (35... Qxc4 36. Qd6+ Kg7 37. Qc7 $19 (37. Qe7 $2 Rh8 $19)) 36. Qg4 g5 37. Qf5 Kg7 38. a3 Rxd7 39. Nf3 {[%emt 0:00:07] Prevents Rd2} Rd1+ 40. Ng1 Qe5 41. Qf2 Qe1 42. Qxc5 b6 {[%emt 0:00:06] Black mates.} 43. Qd4 Rxd4 44. cxd4 Kg6 45. Kh2 Qg3+ 46. Kh1 Qxa3 47. d5 Kf5 48. Nf3 Qc1+ 49. Kh2 Qxc4 50. d6 Qf4+ 51. Kg1 Qxd6 {[%emt 0:00:14] Weighted Error Value: White=0.64/Black=0.04 (flawless) .  Loses game:     	White=1     	---        Mistake:       	White=2     	---        Inaccurate:     	White=3     	---        OK:         	White=4     	Black=12     Best:        	White=1     	---        Strong:       	---       	Black=1} 0-1

[Event "SixDays Budapest GM-A May 2024"]
[Site "Budapest"]
[Date "2024.05.20"]
[Round "7.1"]
[White "Wadsworth, Matthew J"]
[Black "Ramoutar, Alan-Safar"]
[Result "1/2-1/2"]
[ECO "D30"]
[WhiteElo "2470"]
[BlackElo "2360"]
[Annotator "TA"]
[PlyCount "92"]
[EventDate "2024.05.15"]
[EventType "tourn"]
[EventCountry "HUN"]
[SourceTitle "playchess.com"]
[Source "ChessBase"]
[SourceQuality "1"]
[TimeControl "40/5400+30:1800+30"]

1. d4 d5 2. c4 e6 3. Nf3 Nf6 4. g3 Bb4+ 5. Bd2 a5 6. Bg2 O-O 7. Qc2 c5 8. cxd5 cxd4 9. Nxd4 Qb6 {[%emt 0:00:27] White is slightly better.} 10. e3 exd5 11. O-O Nc6 12. Nxc6 bxc6 13. Rc1 Rb8 14. Nc3 (14. Qxc6 Qxc6 15. Rxc6 Bxd2 16. Nxd2 Rxb2 $17) 14... h5 15. a3 Be7 16. Na4 Qc7 17. Qxc6 Qxc6 18. Rxc6 Bd7 19. Rc7 Bd8 $1 ({Don't play} 19... Bxa4 $6 20. Rxe7 Rxb2 21. Bc3 $16 (21. Bxa5 Rc8 $16)) 20. Rxd7 Nxd7 21. Rd1 Nb6 22. Nxb6 Rxb6 23. Bxa5 Rxb2 24. Bc3 (24. Rxd5 Rb1+ 25. Bf1 Bxa5 26. Rxa5 Rc8 $17) 24... Rc2 25. Bb4 {[%emt 0:05:45] This pair of bishops is nice.} Re8 26. Bxd5 {[%emt 0:03:26] Threatens to win with Bb3.} Be7 27. Rd4 Bxb4 28. axb4 $11 {[%emt 0:00:09][%mdl 4096] Endgame. KRR-KRB} Rb8 29. Rf4 Rc7 {[%emt 0:00:15][%mdl 1024] Black has compensation.} 30. Kg2 g6 31. Bc4 Rbc8 32. Bf1 Rc2 33. b5 Rb2 {[%emt 0:01:56] Dodges Rb4} 34. h3 Kg7 35. g4 hxg4 (35... h4 $15 {is more appropriate.}) 36. hxg4 Rc7 37. Bd3 Rb3 38. Rd4 Rcc3 39. Bf1 Rb2 40. Kg3 Rc1 41. Kg2 Rc3 42. Re4 f5 43. gxf5 {[%emt 0:01:59] The position is equal.} gxf5 44. Rf4 Rxe3 {[%emt 0:00:51] ...Kf6 is the strong threat.} 45. Rxf5 Rc3 46. Rf3 Rc1 {[%emt 0:00:52] Weighted Error Value: White=0.06 (flawless) /Black=0.06 (flawless) .  Mistake:       	---       	Black=1      Inaccurate:     	White=4     	Black=1      OK:         	White=20    	Black=20     Best:        	---       	Black=2      Strong:       	---       	Black=1} 1/2-1/2

[Event "SixDays Budapest GM-A May 2024"]
[Site "Budapest"]
[Date "2024.05.20"]
[Round "7.2"]
[White "Aczel, Gergely"]
[Black "Sathvik Adiga"]
[Result "0-1"]
[ECO "D26"]
[WhiteElo "2493"]
[BlackElo "2398"]
[Annotator "TA"]
[PlyCount "128"]
[EventDate "2024.05.15"]
[EventType "tourn"]
[EventCountry "HUN"]
[SourceTitle "playchess.com"]
[Source "ChessBase"]
[SourceQuality "1"]
[TimeControl "40/5400+30:1800+30"]

1. d4 d5 2. c4 dxc4 3. e3 Nf6 4. Bxc4 e6 5. Nf3 c5 6. O-O Nc6 7. Nc3 a6 8. dxc5 Qxd1 9. Rxd1 Bxc5 10. Be2 O-O 11. Nd4 Bxd4 12. exd4 Rd8 13. Be3 b5 14. d5 exd5 15. Bg5 Be6 16. Bxf6 gxf6 17. Bf3 Ne7 18. Rd4 Rac8 19. Rad1 Rc4 20. R4d2 b4 21. Ne4 f5 22. Nf6+ Kg7 23. b3 Rc6 24. Nh5+ Kf8 25. h3 a5 26. Nf6 Kg7 27. Nh5+ Kf8 28. Nf4 Ng6 29. Nh5 Ke7 30. Kh2 (30. Bxd5 $2 Rcd6 31. Rc2 Rxd5 $19) 30... Ne5 31. Be2 $1 (31. Bxd5 $2 {perishes.} Rcd6 32. f4 Ng6 $19 (32... Rxd5 $2 33. Rxd5 Rxd5 34. Rxd5 $19) (32... Nc6 $2 33. Re1 $19)) 31... Rdc8 32. Nf4 Rc2 33. Ba6 Rxd2 34. Rxd2 Rc5 35. Kg3 Rc3+ 36. f3 Kd6 37. Bb7 Rc5 38. Ba6 $1 Ng6 39. Nh5 (39. Bd3 $15) 39... Ke7 (39... Ke5 $17 {Hoping for ...f4+.} 40. f4+ Kd6) 40. Bb7 (40. Nf4 $15) 40... Rc7 41. Ba6 (41. Bxd5 $2 Rd7 42. Bxe6 Rxd2 $19) 41... Rc6 ({Better is} 41... Kd6 $17 42. Nf4 Rc3) 42. Bb5 Rc5 43. Ba6 h6 44. Bb7 ({White should play} 44. Nf4 $15) 44... Rc7 45. Ba6 (45. Bxd5 $2 Rd7 46. f4 Rxd5 $19) 45... Rc6 (45... Rc3 $17 46. Bd3 Ne5) 46. Bb5 (46. Bd3 $15) 46... Rc5 47. Ba6 Kd6 48. Nf4 Rc1 49. Bb7 (49. Nd3 $17 Rc3 50. Nf4) 49... Nxf4 $19 50. Kxf4 Kc5 51. Ba6 Rc3 52. Bd3 (52. g4 $142 fxg4 53. hxg4) 52... d4 $19 53. Ke5 $2 (53. h4 {was called for.}) 53... a4 $19 54. bxa4 {[%emt 0:00:01] [#]} Bxa2 $1 55. Bxf5 Re3+ 56. Be4 Bc4 57. g4 b3 58. h4 d3 59. Rd1 b2 60. g5 hxg5 61. h5 Bd5 (61... Bb3 $142 62. Rxd3 b1=Q (62... b1=B $2 {too greedy.} 63. Rxe3 Bxe4 64. fxe4 $18) (62... Rxe4+ $2 63. fxe4 b1=Q 64. Rc3+ Bc4 65. Kf5 $19) 63. Rxe3 Qc1 64. Kf6 Qxe3 65. Bb7 Bc4 (65... Bxa4 $2 66. Be4 $19) 66. f4 Qxf4+ 67. Kg7 Kd6 68. Kh7 Ke7 69. Kh8 Bd3 70. Kg7 Qd4+ (70... Qxa4 {leads to mate.} 71. Kh6 Qf4 72. Be4 Qxe4 73. Kxg5 f6+ 74. Kh6 Qh7#) 71. Kg8 Qd8+ 72. Kg7 Qf8#) 62. h6 Bxe4 63. fxe4 Rh3 64. Kf6 Rxh6+ 0-1

[Event "SixDays Budapest GM-A May 2024"]
[Site "Budapest"]
[Date "2024.05.20"]
[Round "7.3"]
[White "Bai, Adelard"]
[Black "Sahib Singh"]
[Result "0-1"]
[ECO "D11"]
[WhiteElo "2376"]
[BlackElo "2291"]
[Annotator "TA"]
[PlyCount "84"]
[EventDate "2024.05.15"]
[EventType "tourn"]
[EventCountry "HUN"]
[SourceTitle "playchess.com"]
[Source "ChessBase"]
[SourceQuality "1"]
[TimeControl "40/5400+30:1800+30"]

1. d4 d5 2. c4 c6 3. Nf3 Nf6 4. g3 dxc4 5. Bg2 b5 6. O-O Bb7 7. b3 cxb3 $1 8. Qxb3 {[%emt 0:00:02] The position is equal.} e6 9. Nc3 Nbd7 10. Rd1 a5 11. a4 (11. Bg5 $11 {remains equal.}) 11... b4 $17 12. Ne5 bxc3 13. Qxb7 Nxe5 14. dxe5 Qxd1+ 15. Bf1 Rd8 16. exf6 {[%emt 0:04:29][%cal Oc1g5] And now Bg5! would win.} Qd7 ({Not} 16... gxf6 17. Qxc6+ Qd7 18. Qxc3 $11) 17. Qa6 gxf6 18. Qxa5 Qd4 (18... Bd6 $142 $1 {aiming for ...Qb7.} 19. Bh6 (19. Qxc3 $2 {loses.} Be5 $19) 19... Be5) 19. Be3 $2 (19. Qa6 $17 {is a better defense.} Bc5 20. Qxc6+ Ke7 21. Be3) 19... Qb4 (19... Qc4 $1 $19 20. Qb6 c2) 20. Qa6 {[%emt 0:06:42] [#]} Bd6 $1 21. Rc1 (21. Rd1 $17 {was forced.} O-O 22. Rd4) 21... O-O $19 22. Bg2 $2 (22. Bh6 {might work better.}) 22... Bc5 23. Bxc5 Qxc5 24. Qxc6 Qa3 25. Rf1 Qb2 26. a5 c2 {[%emt 0:03:37] ...Rd1 would now be deadly.} (26... Qxe2 $2 27. Qxc3 Kg7 28. Bb7 $19) 27. Be4 Rc8 28. Bxh7+ Kxh7 29. Qe4+ {[%emt 0:00:08] [#]} f5 $1 30. Qh4+ Kg8 {[%emt 0:00:03] Strongly threatening ...Rfd8.} 31. Qg5+ Qg7 32. Qc1 Rc6 33. Qd2 Rfc8 34. Rc1 Qf6 {[%emt 0:00:08] Threatens to win with ...Rd8.} 35. a6 Qd8 36. Qf4 Rd6 {[%emt 0:00:30] ( -> ...Rd1+)} 37. a7 Rd1+ {[%emt 0:00:04] Black mates.} 38. Kg2 Rxc1 39. Qxc1 Qd5+ 40. Kh3 {[%emt 0:00:12] [#]} f4 $1 41. a8=Q (41. f3 Qa5) 41... Qxa8 42. gxf4 Qd5 {[%emt 0:00:14] Weighted Error Value: White=1.01/Black=0.26 (precise) .  Loses game:     	White=1     	---        Mistake:       	White=3     	Black=2      Inaccurate:     	White=1     	---        OK:         	White=3     	Black=6      Best:        	White=2     	Black=7      Strong:       	---       	Black=2} 0-1

[Event "SixDays Budapest GM-A May 2024"]
[Site "Budapest"]
[Date "2024.05.20"]
[Round "7.4"]
[White "Krastev, Alexander"]
[Black "Nagy, Gabor"]
[Result "1/2-1/2"]
[ECO "C77"]
[WhiteElo "2458"]
[BlackElo "2433"]
[Annotator "TA"]
[PlyCount "35"]
[EventDate "2024.05.15"]
[EventType "tourn"]
[EventCountry "HUN"]
[SourceTitle "playchess.com"]
[Source "ChessBase"]
[SourceQuality "1"]
[TimeControl "40/5400+30:1800+30"]

1. e4 e5 2. Nf3 Nc6 3. Bb5 a6 4. Ba4 Nf6 5. Nc3 b5 6. Bb3 Be7 7. d3 Bb7 8. a3 d6 9. O-O O-O {[%emt 0:00:25] White has an edge.} 10. Be3 {[%emt 0:04:46] The position is equal.} Qd7 11. Nd5 Nxd5 12. Bxd5 Nd8 13. Bxb7 Nxb7 14. c4 Rfb8 15. Rc1 c5 16. b4 cxb4 17. axb4 a5 18. bxa5 {[%emt 0:01:22] An uneventful encounter.   Weighted Error Value: White=0.03 (flawless) /Black=0.02 (flawless) .  OK:         	White=4     	Black=7} 1/2-1/2

[Event "SixDays Budapest GM-A May 2024"]
[Site "Budapest"]
[Date "2024.05.20"]
[Round "7.5"]
[White "Tan, Jun Ying"]
[Black "Berczes, David"]
[Result "1/2-1/2"]
[ECO "E00"]
[WhiteElo "2307"]
[BlackElo "2425"]
[Annotator "RC"]
[PlyCount "25"]
[EventDate "2024.05.15"]
[EventType "tourn"]
[EventCountry "HUN"]
[SourceTitle "playchess.com"]
[Source "ChessBase"]
[SourceQuality "1"]
[TimeControl "40/5400+30:1800+30"]

1. d4 e6 2. c4 Bb4+ 3. Bd2 Bxd2+ 4. Qxd2 Nf6 5. Nc3 d5 6. Nf3 O-O 7. e3 Qe7 8. Bd3 dxc4 9. Bxc4 c5 10. O-O Rd8 11. Qe2 Nc6 12. dxc5 Qxc5 13. Rfd1 1/2-1/2

[Event "SixDays Budapest GM-A May 2024"]
[Site "Budapest"]
[Date "2024.05.20"]
[Round "8.1"]
[White "Ramoutar, Alan-Safar"]
[Black "Berczes, David"]
[Result "1/2-1/2"]
[ECO "C55"]
[WhiteElo "2360"]
[BlackElo "2425"]
[Annotator "ChessBase"]
[PlyCount "25"]
[EventDate "2024.05.15"]
[EventType "tourn"]
[EventCountry "HUN"]
[SourceTitle "playchess.com"]
[Source "ChessBase"]
[SourceQuality "1"]
[TimeControl "40/5400+30:1800+30"]

1. e4 e5 2. Nf3 Nc6 3. Bc4 Nf6 4. d4 exd4 5. e5 d5 6. Bb5 Nd7 7. O-O Be7 8. c3 dxc3 9. Nxc3 Nb6 10. a4 a5 11. Be3 O-O 12. Bxb6 cxb6 13. Qxd5 1/2-1/2

[Event "SixDays Budapest GM-A May 2024"]
[Site "Budapest"]
[Date "2024.05.20"]
[Round "8.2"]
[White "Nagy, Gabor"]
[Black "Tan, Jun Ying"]
[Result "1/2-1/2"]
[ECO "A11"]
[WhiteElo "2433"]
[BlackElo "2307"]
[Annotator "ChessBase"]
[PlyCount "33"]
[EventDate "2024.05.15"]
[EventType "tourn"]
[EventCountry "HUN"]
[SourceTitle "playchess.com"]
[Source "ChessBase"]
[SourceQuality "1"]
[TimeControl "40/5400+30:1800+30"]

1. c4 c6 2. Nf3 d5 3. e3 Nf6 4. d4 a6 5. Bd3 Bg4 6. h3 Bh5 7. Nbd2 e6 8. O-O Nbd7 9. b3 Bg6 10. Qc2 Bxd3 11. Qxd3 Bd6 12. e4 dxe4 13. Nxe4 Nxe4 14. Qxe4 O-O 15. Bg5 Be7 16. Bxe7 Qxe7 17. Rfe1 1/2-1/2

[Event "SixDays Budapest GM-A May 2024"]
[Site "Budapest"]
[Date "2024.05.20"]
[Round "8.3"]
[White "Sahib Singh"]
[Black "Krastev, Alexander"]
[Result "1/2-1/2"]
[ECO "B30"]
[WhiteElo "2291"]
[BlackElo "2458"]
[Annotator "TA"]
[PlyCount "102"]
[EventDate "2024.05.15"]
[EventType "tourn"]
[EventCountry "HUN"]
[SourceTitle "playchess.com"]
[Source "ChessBase"]
[SourceQuality "1"]
[TimeControl "40/5400+30:1800+30"]

1. e4 c5 2. Nf3 Nc6 3. h3 g6 4. Bb5 Bg7 5. O-O e5 6. Bxc6 bxc6 7. d3 Ne7 8. Nbd2 O-O 9. Nc4 d6 10. b3 h6 11. Bb2 Be6 12. Nfd2 g5 13. g4 (13. Ne3 $11) 13... Ng6 $15 14. Ne3 f6 15. Nf5 Rf7 16. Kh2 Bf8 17. Nf3 Rh7 18. Bc1 a5 19. h4 d5 20. h5 Ne7 21. Ne3 Nc8 22. Nd2 ({White should play} 22. a4 $11) 22... Nd6 (22... a4 $15 {is superior.}) 23. c4 ({White should try} 23. a4 $1 $11) 23... dxc4 24. dxc4 Rd7 {[%emt 0:00:07][%cal Od6e4] White must now prevent ...Nxe4!} 25. Qf3 Ne8 $36 {[%emt 0:21:27][%cal Oa5a4][%mdl 2048] Black fights for an advantage.} 26. Rd1 a4 {[%emt 0:00:07] And now ...axb3 would win.} 27. Qe2 Qa5 28. bxa4 (28. Bb2 $11) 28... Qxa4 $17 29. a3 Rad8 30. Bb2 Nc7 31. Kg3 Bf7 32. Nf3 $2 (32. Kh2 $17) 32... Rxd1 $19 33. Rxd1 Rxd1 (33... Bxc4 $1 $19 34. Qe1 Bd3) 34. Qxd1 $15 Qxd1 35. Nxd1 Bxc4 36. Nd2 Ba6 37. Ne3 Kf7 38. Nec4 Ke6 39. Kf3 Nb5 40. Ke3 Nd6 41. Kd3 {[%emt 0:30:15] [#]} Be7 $1 42. a4 $2 {[%emt 0:01:49] [#]} (42. Bc3 $17) 42... Nb7 $2 (42... Bd8 $1 $19 {[%cal Rd8a5] Strongly threatening ...Ba5.} 43. Kc3 Bxc4 44. Nxc4 Nxe4+ 45. Kc2 Nxf2) 43. Bc3 $11 {[%emt 0:00:20] The position is equal.} Bd8 {[%emt 0:00:14] ...Nd6 is the strong threat.} 44. Kc2 Nd6 45. Kb3 Kd7 46. Nxd6 Kxd6 {[%emt 0:00:01] KBB-KBN} 47. Nc4+ $1 Kd7 48. f3 Be7 49. Ba5 Kc8 50. Be1 Kc7 51. Ba5+ Kc8 {[%emt 0:00:17] Weighted Error Value: White=0.32/Black=0.30.  Loses game:     	White=2     	---        Missed win:     	---       	Black=2      Mistake:       	White=4     	Black=1      Inaccurate:     	White=3     	Black=4      OK:         	White=18    	Black=10     Best:        	White=2     	Black=2      Strong:       	White=1     	Black=1} 1/2-1/2

[Event "SixDays Budapest GM-A May 2024"]
[Site "Budapest"]
[Date "2024.05.20"]
[Round "8.4"]
[White "Sathvik Adiga"]
[Black "Bai, Adelard"]
[Result "1-0"]
[ECO "C55"]
[WhiteElo "2398"]
[BlackElo "2376"]
[Annotator "TA"]
[PlyCount "151"]
[EventDate "2024.05.15"]
[EventType "tourn"]
[EventCountry "HUN"]
[SourceTitle "playchess.com"]
[Source "ChessBase"]
[SourceQuality "1"]
[TimeControl "40/5400+30:1800+30"]

1. e4 e5 2. Nf3 Nc6 3. Bc4 Nf6 4. d3 h6 5. O-O d6 6. c3 g5 7. Nbd2 Bg7 8. Bb3 O-O 9. h3 d5 10. exd5 Nxd5 11. Nc4 Nb6 12. Nxb6 axb6 13. Be3 g4 14. hxg4 Bxg4 15. Qd2 Bxf3 16. gxf3 Qf6 17. Kh2 e4 18. fxe4 Qh4+ 19. Kg2 Qg4+ 20. Kh2 Ra5 21. Bd5 Ne5 22. f4 Nf3+ 23. Rxf3 Qxf3 24. Rg1 Qh5+ 25. Kg2 Kh7 26. Rh1 (26. Bxb7 $2 {too greedy.} Bxc3 27. bxc3 Rxa2 (27... Rg8+ $2 28. Kf2 $19) 28. Qxa2 Rg8+ 29. Kf2 (29. Kf1 Qd1+ 30. Kf2 Qxg1+ 31. Ke2 Rg2+ 32. Kf3 Rg3+ 33. Ke2 Rxe3+ 34. Kd2 Qf2+ 35. Kd1 Re1#) 29... Qh2+ 30. Kf3 Qxa2 $19) 26... Qg4+ 27. Kf2 c6 28. Bb3 $1 (28. Bxb6 $2 {perishes.} Rb5 (28... Ra6 $2 29. Bb3 $19) 29. Bb3 Rxb6 $19) 28... Rh5 29. Bd1 Rxh1 30. Bxg4 Rh2+ 31. Kg3 Rxd2 32. Bxd2 Bf6 33. Bf5+ Kg7 34. e5 Be7 35. d4 b5 36. Kh3 h5 37. Be3 h4 38. Kg4 Rg8 39. Bf2 Kh6+ 40. Kh3 Ra8 41. a3 Bxa3 $2 (41... Rd8 $11 {and Black has nothing to worry.}) 42. bxa3 $18 Rxa3 43. Bxh4 Rxc3+ 44. Kg4 b4 $2 (44... Kg7 45. Be7 Rc4) 45. Be7 $18 Kg7 46. Bxb4 Rb3 47. Be7 Rc3 48. Bd7 Rc4 49. Bc5 Rc1 50. Kg5 Rg1+ 51. Bg4 Rb1 52. f5 Rg1 53. Be7 (53. f6+ $142 Kg8 54. d5 Rc1 55. e6 cxd5 56. Bb4 Ra1 57. Bh5 (57. e7 Ra8) 57... Kh7 58. exf7) 53... b5 54. e6 fxe6 55. fxe6 Rg2 56. Bc5 Rg3 57. e7 Re3 58. d5 Re5+ 59. Kf4 Rxe7 60. Bxe7 cxd5 61. Ke5 Kf7 62. Bb4 d4 63. Kxd4 Kf6 64. Be2 Kf5 65. Bxb5 Ke6 66. Ke4 Kf6 67. Bd7 Kg6 68. Kf4 Kf6 69. Bd6 Kg6 70. Be6 Kf6 71. Bf5 Kf7 72. Kg5 Kg7 73. Be6 Kh7 74. Kf6 Kh8 75. Kf7 Kh7 76. Bf8 1-0